 Dungeon Crawl Stone Soup version 0.31-a0-920-g28cbb04a8c (webtiles) character file.

Game seed: 17651206253618122368

811 D12ThenQuit the Conjurer (level 7, -1/44 (46) HPs)
             Began as an Octopode Fighter on Oct 18, 2023.
             Was a Follower of Vehumet.
             Slain by a wight
             ... wielding a +5 long sword of freezing
              (2 damage)
             ... on level 6 of the Dungeon.
             The game lasted 00:11:53 (4450 turns).

D12ThenQuit the Conjurer (Octopode Fighter)         Turns: 4450, Time: 00:11:54

HP:   -1/44 (46)    AC:  1    Str: 17    XL:     7   Next: 93%
MP:   11/13         EV: 13    Int: 12    God:    Vehumet [*.....]
Gold: 188           SH:  4    Dex: 12    Spells: 10/14 levels left

rFire   + . .        a - +9 spear of Pomac {holy, rN+ rCorr Str+2 Stlth-}
rCold   + . .        b - +0 buckler
rNeg    + . .        (helmet restricted)
rPois   +            k - amulet of regeneration
rElec   .            m - ring of poison resistance
rCorr   +            o - ring of flight
SInv    .            y - ring of protection from fire
Will    .....        h - ring of protection from cold
Stlth   +            (no ring)
HPRegen 1.07/turn    (no ring)
MPRegen 0.13/turn    (no ring)
                     (no ring)

%: no passive effects
@: flying, lightly drained
A: almost no armour, amphibious, 8 rings, camouflage 1, gelatinous body 1,
(nimble swimmer 1), tentacles
a: Renounce Religion


You were on level 6 of the Dungeon.
You worshipped Vehumet.
Vehumet was aware of your devotion.
You visited 2 branches of the dungeon, and saw 7 of its levels.

You collected 188 gold pieces.

Inventory:

Hand Weapons
 a - the +9 spear of Pomac (weapon) {holy, rN+ rCorr Str+2 Stlth-}
   (You found it on level 3 of the Dungeon)

   Str+2:     It affects your strength (+2).
   rN+:       It protects you from negative energy.
   rCorr:     It protects you from acid and corrosion.
   Stlth-:    It makes you less stealthy.
 p - a +0 sling
 t - a +0 rapier
Missiles
 s - 6 poisoned darts
Armour
 b - a +0 buckler (worn)
Jewellery
 d - a ring of fire
 h - a ring of protection from cold (on tentacle)
 k - an amulet of regeneration (around mantle)
 m - a ring of poison resistance (left tentacle)
 o - a ring of flight (right tentacle)
 r - an amulet of the acrobat
 y - a ring of protection from fire (on tentacle)
Wands
 x - a wand of roots (2)
Scrolls
 f - a scroll of fear
 g - 2 scrolls of immolation
 i - 3 scrolls of teleportation
 l - 2 scrolls of enchant weapon
 B - a scroll of revelation {unknown}
Potions
 c - a potion of might
 e - a potion of resistance {unknown}
 j - 2 potions of curing {unknown}
 n - a potion of mutation
 q - 2 potions of heal wounds {unknown}
 u - 2 potions of haste {unknown}
 v - a potion of degeneration
 w - 2 potions of brilliance {unknown}
 z - a potion of lignification {unknown}


   Skills:
 - Level 3.0 Fighting
 - Level 3.8 Short Blades
 - Level 3.0 Dodging
 - Level 3.0 Shields
 - Level 4.0 Spellcasting
 - Level 6.0 Conjurations
 + Level 1.1 Air Magic


You had 10 spell levels left.
You knew the following spells:

 Your Spells              Type           Power      Damage    Failure   Level
a - Shock                 Conj/Air       44%        1d5       6%          1
b - Magic Dart            Conj           68%        1d6       2%          1
c - Searing Ray           Conj           34%        2d5       3%          2

Your spell library contained the following spells:

 Spells                   Type           Power      Damage    Failure   Level
 Stone Arrow              Conj/Erth      18%        3d8       24%         3
 Fulminant Prism          Conj/Hex       4%         3d5       63%         4
 Lehudib's Crystal Spear  Conj/Erth      4%         10d3      100%        8
 Animate Armour           Summ/Erth      Unusable   N/A       N/A         4

Dungeon Overview and Level Annotations

Branches:
Dungeon (6/15)             Temple (1/1) D:5

Altars:
Cheibriados
Dithmenos
Fedhas
Gozag
Hepliaklqana
Kikubaaqudgha
Makhleb
Nemelex Xobeh
Okawaru
Qazlal
Ru
Trog
Uskayaw
Vehumet
Wu Jian
Xom
Yredelemnul
Zin
The Shining One

Shops:
D:3 =

Portals:
Ossuary: D:6

Annotations:
D:6 Dowan, Duvessa


Innate Abilities, Weirdness & Mutations

You cannot wear most types of armour.
You are amphibious.
You can wear up to eight rings at the same time.
Your skin changes colour to match your surroundings (Stealth+).
Your rubbery body absorbs attacks. (AC +1, EV +1)
((You are camouflaged when in or above water. (Stealth+)))
You have tentacles for arms and can constrict up to eight enemies at once.


Message History

The wight struggles to escape constriction. x4
Unknown command.
Unknown command.
Casting: Searing Ray (safe; 3% risk of failure)
Confirm with . or Enter, or press ? or * to list all spells.
Okay, then.
Unknown command.
A hound comes into view.
The grasping roots constrict the wight. x4
The hound barks!
The roots release their grip on the wight. x4
Aiming: Fastroot
Press: ? - help, Shift-Dir - straight line, p - wight The roots erupt in riotous growth!
Roots grab the wight.
Roots grab the scorpion.
Roots grab the wight. x2
The grasping roots constrict the scorpion.
The grasping roots constrict the wight. x2
The grasping roots constrict the wight, but do no damage.
You hear an angry hiss.
The wight hits you with a +0 great sword!!
The wight struggles to escape constriction.
The wight hits you with a +5 long sword of freezing!
You partially resist.
You feel drained. The wight freezes you.
A rat zombie comes into view.
Unknown command.
Unknown command.
You barely miss the jackal zombie.
The grasping roots constrict the scorpion.
The grasping roots constrict the wight.
The grasping roots constrict the wight, but do no damage.
The grasping roots constrict the wight.
The roots release their grip on the scorpion.
The roots release their grip on the wight. x2
The wight barely misses you. x2
The wight hits you with a +5 long sword of freezing!
* * * LOW HITPOINT WARNING * * *
You partially resist.
You feel drained.
* * * LOW HITPOINT WARNING * * *
The wight freezes you.
You die...

=#..
#..∩.
#...Z
#...
#..#
#.Z.
#..##
#.Z#
#.@#


#zzz# #szz# ..... #h...## ...### ...# ...# You could see a scorpion, a hound, 5
wights, 2 rat zombies and a jackal zombie.

Vanquished Creatures
  An ice beast (D:5)
  2 ogres (D:5)
  A phantom (D:5)
  A bullfrog (D:6)
  A jelly (D:5)
  7 hounds
  9 adders
  A white imp (D:6)
  3 dart slugs
  2 worms (D:3)
  7 orcs (D:5)
  An endoplasm (D:1)
  5 giant cockroaches
  4 hobgoblins
  A jackal (D:5)
  A quokka (D:1)
  6 ball pythons
  4 bats
  11 frilled lizards
  7 goblins
  13 kobolds
  5 rats
  A spectral orc (D:5)
94 creatures vanquished.

Notes
Turn   | Place    | Note
-------+----------+-------------------------------------------
     0 | D:1      | D12ThenQuit the Octopode Fighter began the quest for the
                  | Orb.
     0 | D:1      | Reached XP level 1. HP: 16/16 MP: 1/1
   173 | D:1      | Reached XP level 2. HP: 20/21 MP: 2/2
   508 | D:1      | Reached XP level 3. HP: 17/26 MP: 3/3
  1089 | D:2      | Learned a level 2 spell: Searing Ray
  1147 | D:2      | Found a faded altar of an unknown god.
  1230 | D:2      | Found a sparkling altar of Nemelex Xobeh.
  1341 | D:2      | Reached skill level 1 in Conjurations
  1443 | D:2      | Reached XP level 4. HP: 16/31 MP: 4/4
  1951 | D:3      | Reached skill level 2 in Conjurations
  2102 | D:3      | Found Zur Yni's Jewellery Emporium.
  2239 | D:3      | Identified the +9 spear of Pomac {holy, rN+ rCorr Str+2
                  | Stlth-}
  2436 | D:3      | Found a hazy altar of Hepliaklqana.
  2542 | D:4      | Reached skill level 1 in Spellcasting
  2542 | D:4      | Reached XP level 5. HP: 36/36 MP: 5/7
  2693 | D:4      | Reached skill level 3 in Conjurations
  2801 | D:4      | Noticed an ogre
  2802 | D:4      | Noticed an ogre
  3062 | D:5      | Entered Level 5 of the Dungeon
  3151 | D:5      | Noticed an ogre
  3165 | D:5      | Learned a level 1 spell: Magic Dart
  3357 | D:5      | Found a stormy altar of Qazlal.
  3358 | D:5      | Found a blossoming altar of Fedhas.
  3395 | D:5      | Noticed a phantom
  3511 | D:5      | Found a staircase to the Ecumenical Temple.
  3522 | Temple   | Entered the Ecumenical Temple
  3536 | Temple   | Became a worshipper of Vehumet
  3581 | D:5      | Reached XP level 6. HP: 37/42 MP: 9/9
  3593 | D:5      | Reached skill level 4 in Conjurations
  3834 | D:5      | Reached XP level 7. HP: 36/46 MP: 0/12
  3998 | D:5      | Reached skill level 5 in Conjurations
  4125 | D:5      | Found a basalt altar of Yredelemnul.
  4348 | D:6      | Reached * piety under Vehumet
  4348 | D:6      | Offered knowledge of Shock by Vehumet.
  4349 | D:6      | Reached skill level 6 in Conjurations
  4357 | D:6      | Learned a level 1 spell: Shock
  4381 | D:6      | Noticed Dowan
  4382 | D:6      | Noticed Duvessa
  4410 | D:5      | Reached skill level 1 in Air Magic
  4446 | D:6      | Found a sand-covered staircase.
  4450 | D:6      | HP: 1/44 [wight/+5 long sword of freezing (2)]
  4450 | D:6      | Slain by a wight

Illustrated notes

Levels and vault maps discovered:
D:1:      minmay_arrival_three_doors, layout_basic, dreamdust_princess_corridor,
          hangedman_decor_points, minmay_lizard_king
D:2:      layout_basic, shapermc_ecumenical_altar_flowoftime, basic_altar
D:3:      layout_rooms, worldfamousw_hep_ancestral_shrine, serial_shops,
          nicolae_shop_just_a_little_nook, minmay_misc_feat_enclosed
D:4:      dreamdust_elfheim, layout_basic
D:5:      layout_basic, grunt_temple_overflow_forces_of_nature,
          yredelemnul_forgotten_temple_becter, minmay_temple_entry_mini_moons,
          minmay_misc_feat_doors, minmay_fractal_squares_diagonal_5
D:6:      layout_layer_cave, minitemple, serial_shops,
          nicolae_shop_tiny_real_fake_doors, enter_ossuary_3, minivault_4,
          uniq_duvessa
Temple:   regret_index_temple_waves

Skill      XL: |  1  2  3  4  5  6  7 |
---------------+----------------------+-----
Short Blades   | 3 |  3.8
Conjurations   | 1 2 3 4 6 |  6.0
Spellcasting   | 1 2 3 4 |  4.0
Air Magic      | 1 |  1.1
Fighting       | |  3.0
Dodging        | |  3.0
Shields        | |  3.0

Action                     |  1- 3 |  4- 6 |  7- 9 || total
---------------------------+-------+-------+-------++-------
  Melee: Rapier            |    84 |    43 |       ||   127
         Constrict         |    17 |    16 |     6 ||    39
         Tentacles         |    13 |     9 |     4 ||    26
         Punch             |     1 |       |       ||     1
         Spear             |       |    44 |    23 ||    67
   Cast: Magic Dart        |       |    10 |     4 ||    14
         Searing Ray       |       |     4 |     4 ||     8
         Shock             |       |       |     5 ||     5
  Evoke: Wand              |       |       |     2 ||     2
    Use: Scroll            |       |     5 |     3 ||     8
   Stab: Sleeping          |     7 |     3 |       ||    10
 Armour: Skin              |    30 |    29 |    26 ||    85
  Dodge: Dodged            |    35 |    35 |    19 ||    89
  Block: Buckler           |    13 |    13 |     3 ||    29

Table legend: (Time is in decaauts)
 A = Elapsed time spent in this place.
 B = Non-inter-level travel time spent in this place.
 C = Inter-level travel time spent in this place.
 D = Time resting spent in this place.
 E = Time spent auto-exploring this place.
 F = Levels seen in this place.
 G = Mean time per level.
                   A        B        C        D        E       F      G
               +--------+--------+--------+--------+--------+-----+--------+
         Total |   4466 |   4154 |    312 |    279 |   2397 |   7 |  638.0 |
       Dungeon |   4437 |   4151 |    286 |    279 |   2397 |   6 |  739.5 |
        Temple |     28 |      2 |     26 |      0 |      0 |   1 |   28.0 |
               +--------+--------+--------+--------+--------+-----+--------+

Top non-repeatable levels by time:
     D:5: 1236 daAuts
     D:2: 983 daAuts
     D:1: 962 daAuts
     D:4: 612 daAuts
     D:3: 565 daAuts
     D:6: 77 daAuts
  Temple: 28 daAuts
